 Dungeon Crawl Stone Soup version 0.20.0-15-g7f486f2 (webtiles) character file.

3393 VajrapaniSR the Cleaver (level 9, -3/85 HPs)
             Began as a Minotaur Berserker on July 1, 2017.
             Was a Priest of Trog.
             Slain by a wraith (8 damage)
             ... led by Josephine
             ... on level 11 of the Dungeon.
             The game lasted 00:17:15 (2133 turns).

VajrapaniSR the Cleaver (Minotaur Berserker)        Turns: 2133, Time: 00:17:15

Health: -3/85      AC: 12    Str: 27    XL:     9   Next: 75%
Magic:  8/8        EV:  9    Int:  4    God:    Trog [***...]
Gold:   242        SH:  0    Dex: 13    Spells: 8/8 levels left

rFire    . . .     SeeInvis +   w - +0 battleaxe
rCold    . . .     Gourm    +   (shield currently unavailable)
rNeg     . . .     Faith    .   s - +3 chain mail {MR+}
rPois    .         Spirit   .   (helmet restricted)
rElec    .         Reflect  .   q - +0 cloak
rCorr    .         Harm     .   (no gloves)
MR       +++..                  (no boots)
Stlth    ..........             h - amulet of the gourmand
Regen    1.3/turn               o - ring of see invisible
MPRegen  0.2/turn               (no ring)

@: mighty, berserk cooldown, regenerating, slowed, very slow
A: retaliatory headbutt, horns 2
a: Berserk, Trog's Hand, Burn Spellbooks, Renounce Religion


You were on level 11 of the Dungeon.
You worshipped Trog.
Trog was most pleased with you.
You were not hungry.

You visited 1 branch of the dungeon, and saw 11 of its levels.

You collected 242 gold pieces.

Inventory:

Hand Weapons
 b - a +2 antimagic flail
 j - a +0 morningstar
 w - a +0 battleaxe (weapon)
 x - a +0 war axe
Missiles
 n - 15 tomahawks (quivered)
Armour
 q - a +0 cloak (worn)
 s - a +3 chain mail of magic resistance (worn)
 y - a +0 plate armour
Jewellery
 f - an uncursed ring of fire
 h - an amulet of the gourmand (around neck)
 o - a ring of see invisible (left hand)
Wands
 d - a wand of scattershot (6/9)
 k - a wand of random effects (32/48)
 p - a wand of paralysis (14/24)
Scrolls
 i - a scroll of fog
 r - a scroll of enchant weapon
Potions
 a - a potion of resistance {unknown}
 g - a potion of flight
 m - a potion of degeneration {unknown}
 t - a potion of lignification {unknown}
 u - a potion of curing
 z - a potion of heal wounds {unknown}
Comestibles
 c - a bread ration
 l - a royal jelly
 v - 2 fruits


   Skills:
 + Level 10.1 Fighting
 * Level 13.5 Axes
 - Level 2.4 Armour
 - Level 2.1 Dodging


You had 8 spell levels left.
You didn't know any spells.

Dungeon Overview and Level Annotations

Branches:
Dungeon (11/15)            Temple (0/1) D:4
   Lair: D:8-11         Orc: D:9-12

Altars:
Ashenzari
Fedhas
Gozag
Nemelex Xobeh
Qazlal
Trog
Xom

Annotations:
D:9 electric eels, 1 exclusion


Innate Abilities, Weirdness & Mutations

You reflexively headbutt those who attack you in melee.
You have a pair of horns on your head.


Message History

You kill Josephine!
Trog accepts your kill.
Trog appreciates your killing of a magic user.
Your life force feels restored.
Your Fighting skill increases to level 10!
Your Axes skill increases to level 13!
An orc wizard comes into view. It is wielding a dagger.
Okay, then.
Okay, then.
Your skin crawls.
You feel resistant to hostile enchantments.
You feel quite a bit more hungry. The wraith completely misses you.
The wraith hits you.
* * * LOW HITPOINT WARNING * * *
The wraith drains your vigour!
You feel as though you will be slow longer.
The wraith misses you. You furiously retaliate!
You headbutt the wraith!
You take 1 damage, and have 3/85 hp.
The wraith closely misses you. The wraith hits you!
You die...

######.... +....#...#
#...)#...# #....#...#
#....#...#
#....#...#####
#....#......o. #....)WW#
###..#W@# #.....
..####..# #.....
........# #.....
####....###########..[..
#......>.............
#.#####..#####.......
#.#...'..#...#.......
#.#...#..'...'.......
#...#..#...#.......


You could see 3 wraiths.

Vanquished Creatures
  Josephine (D:11)
  An unseen horror (D:9)
  2 wraiths (D:11)
  A wyvern (D:10)
  A hungry ghost (D:10)
  Edmund (D:5)
  An orc warrior (D:8)
  A phantom (D:10)
  2 sky beasts
  An ogre (D:9)
  A big kobold (D:9)
  4 bullfrogs
  A howler monkey (D:9)
  An electric eel (D:9)
  2 jellies
  An orc wizard (D:4)
  4 orc priests
  4 hounds
  2 iguanas
  Ijyb (D:4)
  4 worker ants
  An adder (D:4)
  A shadow imp (D:5)
  5 worms
  2 leopard geckos
  20 orcs
  A giant cockroach (D:2)
  5 goblins
  9 kobolds
  2 quokkas
  A ball python (D:2)
  A bat (D:2)
  2 frilled lizards
  3 rats
90 creatures vanquished.

Notes
Turn   | Place    | Note
-------+----------+-------------------------------------------
     0 | D:1      | VajrapaniSR the Minotaur Berserker began the quest for the Orb.
     0 | D:1      | Reached XP level 1. HP: 19/19 MP: 0/0
   221 | D:3      | Reached skill level 4 in Axes
   222 | D:3      | Reached XP level 2. HP: 27/27 MP: 1/1
   364 | D:4      | Reached XP level 3. HP: 32/33 MP: 2/2
   419 | D:4      | Noticed Ijyb
   428 | D:4      | Killed Ijyb
   428 | D:4      | Reached skill level 5 in Axes
   430 | D:4      | Reached XP level 4. HP: 41/41 MP: 3/3
   450 | D:4      | Found a staircase to the Ecumenical Temple.
   567 | D:4      | Reached skill level 5 in Fighting
   567 | D:4      | Reached skill level 6 in Axes
   567 | D:4      | Reached XP level 5. HP: 33/48 MP: 4/4
   698 | D:3      | Found a stormy altar of Qazlal.
   699 | D:3      | Found a blossoming altar of Fedhas.
   753 | D:2      | Found a bloodstained altar of Trog.
   802 | D:3      | Reached ** piety under Trog
   966 | D:5      | Entered Level 5 of the Dungeon
  1021 | D:5      | Found a sparkling altar of Nemelex Xobeh.
  1021 | D:5      | Found a shattered altar of Ashenzari.
  1021 | D:5      | Noticed a sky beast
  1052 | D:5      | Killed a sky beast
  1052 | D:5      | Reached skill level 7 in Axes
  1052 | D:5      | Reached XP level 6. HP: 51/57 MP: 5/5
  1097 | D:5      | Found a bloodstained altar of Trog.
  1098 | D:5      | Noticed Edmund
  1102 | D:5      | Killed Edmund
  1197 | D:6      | Reached skill level 8 in Axes
  1197 | D:6      | Reached XP level 7. HP: 63/63 MP: 6/6
  1279 | D:7      | Found an opulent altar of Gozag.
  1358 | D:8      | Found a shimmering altar of Xom.
  1366 | D:8      | Reached skill level 9 in Axes
  1433 | D:9      | Noticed an unseen horror
  1439 | D:9      | Killed an unseen horror
  1439 | D:9      | Reached skill level 10 in Axes
  1439 | D:9      | Reached XP level 8. HP: 74/74 MP: 7/7
  1550 | D:9      | Reached skill level 11 in Axes
  1655 | D:10     | Entered Level 10 of the Dungeon
  1758 | D:10     | Reached XP level 9. HP: 44/82 MP: 8/8
  1827 | D:10     | Reached skill level 12 in Axes
  1891 | D:10     | Reached *** piety under Trog
  2111 | D:11     | Noticed Josephine
  2130 | D:11     | HP: 4/84 [Josephine/ghostly fireball (20)]
  2131 | D:11     | Killed Josephine
  2131 | D:11     | Reached skill level 10 in Fighting
  2131 | D:11     | Reached skill level 13 in Axes
  2133 | D:11     | Slain by a wraith

Skill      XL: |  1  2  3  4  5  6  7  8  9 |
---------------+----------------------------+-----
Axes           | 4 5 6 7 8 10 11 13 | 13.5
Fighting       | 4 5 6 7 8 10 | 10.1
Armour         | |  2.4
Dodging        | |  2.1

Action                   |  1- 3 |  4- 6 |  7- 9 || total
-------------------------+-------+-------+-------++-------
Melee: Hand axe          |    38 |    69 |    20 ||   127
       Headbutt          |    11 |    11 |    24 ||    46
       Battleaxe         |       |       |    95 ||    95
Invok: Berserk           |     3 |     7 |     8 ||    18
       Trog's Hand       |       |       |     2 ||     2
Evoke: Wand              |       |       |     1 ||     1
  Use: Scroll            |     1 |     2 |     2 ||     5
       Potion            |       |     3 |     1 ||     4
 Stab: Paralysed         |       |       |     2 ||     2
  Eat: Chunk             |     1 |    14 |     5 ||    20
       Meat ration       |       |       |     1 ||     1
       Fruit             |       |       |     1 ||     1
Armor: Animal skin       |     2 |       |       ||     2
       Ring mail         |     8 |    15 |       ||    23
       Chain mail        |       |     5 |    73 ||    78
Dodge: Dodged            |    14 |    41 |    56 ||   111
